 Dungeon Crawl Stone Soup version 0.32-a0-918-g0f22ef8d61 (webtiles) character file.

Game seed: 16064947767798150450

177 smashvw the Cudgeller (level 5, -3/51 (53) HPs)
             Began as a Troll Gladiator on Apr 11, 2024.
             Slain by a wight
             ... wielding a +3 halberd
              (17 damage)
             ... on level 4 of the Dungeon.
             The game lasted 00:05:27 (2226 turns).

smashvw the Cudgeller (Troll Gladiator)             Turns: 2226, Time: 00:05:28

HP:   -3/51 (53)    AC:  4    Str: 22    XL:     5   Next: 31%
MP:   4/4           EV:  9    Int:  6    God:
Gold: 194           SH:  0    Dex: 11    Spells: 4/4 levels left

rFire   . . .        j - +2 whip (drain)
rCold   . . .        (no shield)
rNeg    . . .        b - +0 robe
rPois   .            c - +0 hat
rElec   .            (no cloak)
rCorr   .            (gloves unavailable)
SInv    .            (boots unavailable)
Will    .....        g - amulet of regeneration
Stlth   +            (no ring)
HPRegen 1.88/turn    (no ring)
MPRegen 0.09/turn

%: no passive effects
@: weak-willed, enlightened, flying, lightly drained
A: large, unfitting armour, claws 3, regeneration 1, shaggy fur 1, tough skin 1
a: no special abilities


You were on level 4 of the Dungeon.
You visited 1 branch of the dungeon, and saw 4 of its levels.

You collected 194 gold pieces.

Inventory:

Hand Weapons
 a - a +0 flail
 j - a +2 whip of draining (weapon)
Missiles
 d - 3 throwing nets (quivered)
 e - a large rock
Armour
 b - a +0 robe (worn)
 c - a +0 hat (worn)
Jewellery
 g - an amulet of regeneration (around neck)
Wands
 s - a wand of charming (10)
 w - a wand of iceblast (12)
Scrolls
 f - 3 scrolls of identify
 h - 3 scrolls of immolation
 l - a scroll of enchant armour {unknown}
 u - a scroll of fog {unknown}
Potions
 i - a potion of might {unknown}
 m - 2 potions of lignification {unknown}
 n - a potion of berserk rage {unknown}
 o - 2 potions of curing {unknown}
 p - a potion of attraction {unknown}
 q - 2 potions of enlightenment
 t - a potion of degeneration {unknown}
 v - 2 potions of resistance {unknown}


   Skills:
 + Level 3.0 Fighting
 + Level 3.8 Maces & Flails
 + Level 3.1 Throwing
 - Level 2.4 Dodging


You had 4 spell levels left.
You didn't know any spells.
Your spell library contained the following spells:

 Spells                   Type           Power      Damage    Failure   Level
 Ensorcelled Hibernation  Hex/Ice        0%         N/A       58%         2
 Fugue of the Fallen      Necr           0%         N/A       83%         3
 Anguish                  Hex/Necr       0%         N/A       99%         4


Dungeon Overview and Level Annotations

Branches:
Dungeon (4/15)
 Temple: D:4-7

Altars:
Cheibriados
Vehumet

Shops:
D:1 :

Annotations:
D:4 Dowan, Pikel


Innate Abilities, Weirdness & Mutations

You are too large for most types of armour.
You have claws for hands.
Your natural rate of healing is unusually fast.
You are covered in fur. (AC +1)
You have tough skin. (AC +1)


Message History

The lemure attacks as it pursues you! The lemure completely misses you.
The lemure attacks as it pursues you! The lemure closely misses you.
A wight comes into view. It is wielding a +0 dire flail.
A wight comes into view. It is wielding a +3 halberd.
The lemure attacks as it pursues you! The lemure hits you but does no damage.
You hit the wight but do no damage.
The wight hits you with a +0 dire flail!
You feel drained.
You hit the wight.
The wight is lightly damaged.
The lemure hits you.
You closely miss the wight.
The wight is lightly damaged.
The wight barely misses you. The lemure hits you.
You barely miss the wight.
The wight is lightly damaged.
The lemure hits you.
The wight hits you with a +0 dire flail!
The lemure hits you.
As you read the scroll labelled ECKIOR CEUZAHUUGEXT, it crumbles to dust.
It is a scroll of identify.
h - 3 scrolls of immolation The lemure hits you.
The wight hits you with a +0 dire flail.
The lemure hits you but does no damage.
As you read the scroll labelled JEIPUE HAWKESIN, it crumbles to dust.
You feel aware of your surroundings.
You sensed 1 altar.
It was a scroll of revelation.
A wight comes into view. It is wielding a +0 hand axe.
The lemure misses you.
The wight hits you with a +0 dire flail!
* * * LOW HITPOINT WARNING * * *
The lemure hits you.
* * * LOW HITPOINT WARNING * * *
Found a scroll labelled EMAGRO TALAWN.
As you read the scroll labelled ERUCWU FAIKUNU, it crumbles to dust.
A wave of despondency washes over your surroundings.
It was a scroll of vulnerability.
The wight hits you from afar with a +3 halberd!
You die...

###..........,,,,,,,,,
#####..z....#.#****,***,
#####.....###?.,,,,,,,,,
#####.....#####***,,****
#######.####### *,,****
#######.####### *,,*,,,
#######z####### *,,*,,B
#######z####### **,,*,,e
**########@#######**,*,,,K5
*,.......55########,***,.5.
*,########5#######.## *#5.5
*,*####.##K########.###..,,
#.####.#.#g########.K#.#***
#.......#.5########5#.#* *
######...#.########5### *
####.##.########.# *
##.##.########g# *


You could see Pikel (weak-willed), 4 lemures, 3 wights and a goblin
(weak-willed).

Vanquished Creatures
  An orc priest (D:4)
  An iguana (D:3)
  4 adders
  2 ribbon worms (D:3)
  3 orcs (D:3)
  4 bats
  8 endoplasms
  4 giant cockroaches
  8 goblins
  9 hobgoblins
  2 jackals (D:2)
  4 quokkas
  7 ball pythons
  3 frilled lizards
  7 kobolds
  7 rats
74 creatures vanquished.

Notes
Turn   | Place    | Note
-------+----------+-------------------------------------------
     0 | D:1      | smashvw the Troll Gladiator began the quest for the Orb.
     0 | D:1      | Reached XP level 1. HP: 19/19 MP: 0/0
    76 | D:1      | Reached XP level 2. HP: 28/28 MP: 1/1
   350 | D:1      | Found Veosuota's Book Shop.
   359 | D:1      | Reached XP level 3. HP: 34/35 MP: 2/2
  1342 | D:3      | Found a radiant altar of Vehumet.
  1363 | D:3      | Reached XP level 4. HP: 44/44 MP: 3/3
  2035 | D:4      | Found a snail-covered altar of Cheibriados.
  2068 | D:4      | Reached XP level 5. HP: 52/52 MP: 4/4
  2173 | D:4      | Noticed a lemure
  2173 | D:4      | Noticed a lemure
  2173 | D:4      | Noticed a lemure
  2173 | D:4      | Noticed a lemure
  2173 | D:4      | Noticed Dowan
  2173 | D:4      | Noticed Pikel
  2226 | D:4      | Slain by a wight

Illustrated notes

Levels and vault maps discovered:
D:1:      dpeg_arrival_round_a, layout_rooms, serial_shops,
          nicolae_shop_advertising_works [nicolae_subvault_shop_adworks],
          minmay_quantized
D:2:      layout_basic
D:3:      layout_basic, mainiacjoe_overflow_chevrons
D:4:      minmay_diamond_boxcup, layout_loops_ring,
          mainiacjoe_overflow_alcove_2, lemuel_crystal_altar,
          nicolae_figureground_pulse, uniq_pikel, uniq_duvessa

Skill      XL: |  1  2  3  4  5 |
---------------+----------------+-----
Throwing       | 2 3 |  3.1
Maces & Flails | 3 |  3.8
Fighting       | 2 3 |  3.0
Dodging        | |  2.4

Action                     |  1- 3 |  4- 6 || total
---------------------------+-------+-------++-------
  Melee: Flail             |    73 |       ||    73
         Whip              |    65 |    99 ||   164
    Use: Scroll            |       |     3 ||     3
         Potion            |       |     1 ||     1
   Stab: Sleeping          |     1 |       ||     1
 Armour: Robe              |    89 |    72 ||   161
  Dodge: Dodged            |    62 |    48 ||   110

Table legend: (Time is in decaauts)
 A = Elapsed time spent in this place.
 B = Non-inter-level travel time spent in this place.
 C = Inter-level travel time spent in this place.
 D = Time resting spent in this place.
 E = Time spent auto-exploring this place.
 F = Levels seen in this place.
 G = Mean time per level.
                   A        B        C        D        E       F      G
               +--------+--------+--------+--------+--------+-----+--------+
         Total |   2231 |   2180 |     51 |      0 |   1642 |   4 |  557.8 |
       Dungeon |   2231 |   2180 |     51 |      0 |   1642 |   4 |  557.8 |
               +--------+--------+--------+--------+--------+-----+--------+

Top non-repeatable levels by time:
     D:1: 713 daAuts
     D:3: 678 daAuts
     D:2: 584 daAuts
     D:4: 254 daAuts
